Map: Arctic Dream LE

Players

Tim

  • Race: Terran Terran
  • League: Diamond
  • Spawn Location: 11:00

Alterak

  • Race: Terran Terran
  • Spawn Location: 12:00

Massa

  • Race: Terran Terran
  • League: Platinum
  • Spawn Location: 6:00

qqq

  • Race: Protoss Protoss
  • League: Platinum
  • Spawn Location: 5:00

VOD

Have the link to the VOD?

Description

Time

  • Played on: Dec. 12, 2020, 6:08 a.m.
  • Length: 20:16
Show
View Real Time Build Order
Export as new Build Order

Tim Terran 

Build Orders:  

Get SALT Encoding   

  12  0:00  SCV  
  13  0:12  SCV  
  14  0:17  Supply Depot  
  14  0:24  SCV  
  15  0:35  Refinery  
  15  0:39  SCV  
  16  0:45  Barracks  
  16  0:51  SCV  
  17  1:03  SCV  
  18  1:18  Barracks  
  18  1:20  SCV  
  19  1:26  Supply Depot  
  19  1:36  Orbital Command  
  19  1:37  Reaper  
  20  2:01  SCV  
  20  2:07  Reaper  
  22  2:11  Reaper  
  22  2:13  Command Center  
  23  2:27  SCV  
  24  2:33  Supply Depot  
  24  2:50  Reaper x2  
  26  2:52  SCV  
  26  2:56  Barracks  
  26  2:57  Supply Depot  
  27  2:59  Refinery  
  25  3:22  Reaper x2  
  27  3:39  SCV  
  27  3:45  Orbital Command  
  27  3:49  Reaper  
  27  3:55  Reaper x2  
  30  4:13  SCV  
  30  4:14  SCV  
  32  4:22  Barracks  
  32  4:25  Barracks  
  32  4:26  SCV x2  
  32  4:28  Reaper x3  
  37  4:38  SCV x2  
  39  4:48  Factory  
  39  4:50  SCV x2  
  39  5:08  Reaper x2  
  39  5:09  Reaper  
  34  5:36  Barracks Reactor, Barracks Tech Lab  
  34  5:37  Factory Tech Lab  
  34  5:38  SCV x2  
  36  5:45  Marine x3  
  36  5:49  Engineering Bay  
  39  5:50  SCV, Engineering Bay  
  39  5:52  SCV  
  41  5:57  Refinery  
  41  5:59  Refinery, Marauder  
  41  6:01  Siege Tank  
  41  6:02  SCV, Concussive Shells  
  41  6:03  Marine  
  48  6:04  SCV  
  48  6:05  Marine x2  
  51  6:15  SCV  
  51  6:16  SCV  
  53  6:20  Marine  
  53  6:22  Terran Infantry Weapons Level 1  
  54  6:27  SCV  
  54  6:28  SCV  
  56  6:35  Marine x4  
  56  6:36  Marine  
  56  6:38  Marine  
  62  6:47  Starport  
  62  6:48  Supply Depot x2  
  62  6:49  SCV  
  62  6:51  Supply Depot  
  62  6:53  Marine  
  64  7:02  Marine x4  
  64  7:05  Barracks Reactor  
  68  7:10  Stimpack  
  68  7:16  Terran Infantry Armor Level 1  
  68  7:17  SCV x2  
  70  7:23  Marine x4  
  70  7:24  Marauder  
  75  7:35  Siege Tank  
  75  8:04  Marauder, Marine x3  
  80  8:07  Medivac x2  
  80  8:25  Marauder  
  82  8:28  Siege Tank  
  82  8:29  Marine x2  
  82  8:30  Marine x3  
  90  8:41  Armory  
  90  8:42  Command Center  
  90  8:47  Marauder  
  92  8:50  Combat Shield  
  92  8:57  SCV x2  
  94  9:09  Supply Depot  
  94  9:10  Marine x4, Supply Depot x2  
  94  9:11  SCV, Siege Tank  
  102  9:17  Supply Depot  
  102  9:30  Marine  
  102  9:31  SCV x2, Viking x2  
  109  9:32  Marauder  
  106  9:53  Marauder  
  106  9:59  Marine x5  
  109  10:14  Marauder  
  109  10:17  Marine x3, Siege Tank  
  109  10:20  Planetary Fortress  
  109  10:31  Medivac  
  109  10:32  Medivac  
  113  10:36  Marauder  
  113  10:38  SCV  
  113  10:39  SCV  
  113  10:41  Refinery, Marine x4  
  113  10:42  Terran Infantry Armor Level 2, Terran Infantry Weapons Level 2  
  121  10:49  Barracks  
  121  10:52  Barracks x2  
  121  10:53  SCV  
  121  10:54  SCV  
  123  10:57  Marauder  
  125  11:25  SCV x3  
  128  11:26  Marine x2, Siege Tank  
  128  11:27  Marauder, Marine x3  
  128  11:28  Medivac  
  128  11:29  Medivac  
  142  11:37  SCV  
  142  11:44  Marine  
  142  11:46  Marine  
  142  11:47  Marine x3  
  144  11:49  Marauder  
  149  12:21  Barracks  
  149  12:26  Supply Depot  
  149  12:27  Supply Depot  
  149  12:43  Command Center  
  149  12:47  Marine x6, Medivac  
  149  12:48  Marauder, Marine x2, Medivac, Siege Tank  
  160  13:05  Marine x2  
  143  13:10  Marauder  
  144  13:15  Marine x5  
  144  13:16  Marine  
  150  13:20  Siege Tank  
  153  13:30  SCV x3  
  153  13:31  Marauder  
  145  13:53  Marauder, Marine x3  
  145  13:54  Marine x5  
  145  13:55  Siege Tank  
  150  14:14  Marauder  
  142  14:27  Siege Tank  
  135  14:35  Marauder  
  118  14:52  Marine x2  
  110  14:53  Marine x6  
  110  14:56  Marine  
  93  15:10  Marine x2  
  93  15:11  Marine x6  
  88  15:14  Marine  
  88  15:17  Planetary Fortress  
  88  15:21  SCV x3, Missile Turret  
  91  15:27  Terran Infantry Weapons Level 3  
  91  15:28  Marine x2, Terran Infantry Armor Level 3  
  92  15:29  Marine x6, Medivac x2  
  92  15:32  Marauder  
  92  15:33  SCV x2  
  108  15:46  Marine x6  
  114  15:54  Marauder  
  116  15:58  Barracks, Medivac  
  116  15:59  Barracks, Medivac  
  120  16:05  Marine x3  
  120  16:06  Barracks Reactor, Barracks Tech Lab x2  
  120  16:08  Marine x2  
  125  16:11  Siege Tank  
  125  16:15  Marauder  
  130  16:22  Command Center  
  130  16:23  Marine  
  135  16:25  Marauder x2, Marine  
  135  16:26  Marine x2  
  138  16:33  Marine  
  138  16:36  Marauder  
  138  16:37  SCV  
  138  16:38  SCV x3  
  145  16:41  Marine  
  145  16:43  Marine, Siege Tank  
  145  16:47  Marauder x2  
  154  16:58  Marauder  
  154  17:15  Siege Tank  
  118  17:32  Marine x3  
  118  17:33  Marauder x2, Marine x4  
  118  17:34  Marauder  
  124  17:46  Medivac x2  
  124  17:50  Marine x3  
  129  17:55  Marauder  
  128  17:59  Marine x2  
  128  18:00  Marauder, Marine x3  
  135  18:08  Marine  
  136  18:16  Marauder  
  136  18:17  SCV x3  
  136  18:18  SCV  
  142  18:24  Marine  
  142  18:25  Marauder, Marine x5  
  142  18:26  Marauder  
  140  18:27  Siege Tank  
  143  18:42  Marine x3  
  143  18:43  Marine x2  
  143  18:47  Marine x2  
  143  18:48  Marauder, Marine x2  
  154  18:50  Medivac x2  
  152  18:59  Siege Tank  
  152  19:00  Marauder, Marine  
  132  19:11  Marine x5  
  132  19:12  Marauder x2, Marine  
  142  19:17  Marine  
  142  19:21  Marine  
  119  19:32  Siege Tank  
Show
View Real Time Build Order
Export as new Build Order

Alterak Terran 

Build Orders:  

Get SALT Encoding   

  12  0:00  SCV  
  13  0:12  SCV  
  14  0:18  Supply Depot  
  14  0:24  SCV  
  15  0:42  Barracks  
  15  0:43  SCV  
  16  0:55  SCV  
  17  1:07  SCV  
  18  1:20  Barracks  
  18  1:28  Supply Depot  
  18  1:30  Marine  
  19  1:38  Orbital Command  
  18  1:59  Marine  
  19  2:08  Marine  
  19  2:10  Barracks  
  21  2:15  SCV  
  21  2:17  Marine  
  21  2:18  Supply Depot  
  22  2:30  Marine  
  21  2:47  SCV  
  21  2:48  Marine  
  22  3:00  SCV  
  22  3:01  Refinery  
  23  3:05  Marine  
  23  3:12  SCV  
  25  3:13  Marine  
  26  3:23  Marine  
  26  3:25  SCV  
  28  3:39  Marine  
  29  3:41  Marine  
  29  3:42  Barracks Tech Lab  
  29  3:46  SCV  
  31  3:49  Refinery  
  31  4:01  Command Center  
  31  4:17  Supply Depot  
  31  4:18  Supply Depot  
  31  4:24  Stimpack  
  31  4:27  Barracks Reactor  
  31  4:36  Barracks Reactor  
  31  4:39  SCV  
  31  4:41  Marauder  
  34  4:51  SCV  
  35  5:02  Marauder  
  36  5:18  Marine x2  
  36  5:19  Marine x2  
  39  5:24  Marauder  
  39  5:28  SCV  
  36  5:30  Orbital Command  
  36  5:36  Marine  
  36  5:37  Marine x3  
  36  5:40  SCV  
  41  5:49  Marauder  
  43  5:52  SCV  
  43  5:54  Marine x2  
  43  5:56  Factory  
  46  5:57  Marine x2  
  46  6:00  SCV  
  46  6:03  Combat Shield  
  49  6:04  SCV  
  50  6:12  SCV, Marine x2  
  50  6:15  Marine x2  
  50  6:16  Refinery, SCV  
  56  6:21  Marauder  
  58  6:26  SCV  
  58  6:28  SCV  
  58  6:31  Supply Depot  
  58  6:32  Supply Depot  
  60  6:35  Engineering Bay  
  60  6:36  Marine x2, Engineering Bay  
  62  6:42  Starport, Factory Tech Lab  
  62  6:45  Factory Reactor  
  62  6:46  Factory Tech Lab  
  62  6:47  SCV  
  62  6:48  Marine  
  62  6:50  Marine  
  60  7:03  SCV x2  
  60  7:05  Missile Turret  
  62  7:09  Missile Turret  
  62  7:11  Missile Turret  
  62  7:15  SCV x2  
  64  7:16  Terran Infantry Weapons Level 1  
  64  7:17  Terran Infantry Armor Level 1  
  64  7:20  Marauder  
  64  7:21  Marine  
  64  7:22  Marine  
  68  7:27  SCV x2  
  68  7:29  Missile Turret  
  70  7:39  SCV x2  
  72  7:46  Starport Reactor  
  72  7:51  SCV  
  73  8:03  Marine  
  73  8:04  Marauder, Marine x2  
  78  8:08  Supply Depot  
  78  8:11  Marine, Siege Tank  
  60  8:27  Medivac  
  60  8:28  Medivac  
  60  8:29  Marauder, Marine x4  
  70  8:43  Siege Tank  
  73  8:51  Marine x2, Command Center  
  73  8:52  Marine x2  
  73  8:53  Marauder  
  79  8:58  Armory  
  79  8:59  SCV  
  79  9:00  SCV  
  81  9:07  Medivac x2  
  85  9:25  Marine  
  85  9:26  Marauder, Marine x3  
  85  9:28  Siege Tank  
  94  9:35  SCV  
  94  9:38  SCV  
  96  9:39  Refinery  
  96  9:43  Marine x2  
  96  9:44  Marine  
  99  9:47  SCV, Marauder  
  102  9:54  Supply Depot  
  102  9:56  SCV, Marine  
  94  10:15  Marine x2  
  94  10:16  Marauder, Marine x2  
  94  10:17  Medivac x2, Siege Tank  
  105  10:21  Planetary Fortress  
  104  10:40  Marauder, Marine x4  
  110  10:56  Terran Infantry Weapons Level 2  
  110  10:57  Terran Infantry Armor Level 2  
  110  10:58  Marine x4  
  110  11:01  Marauder, Medivac  
  112  11:04  SCV  
  112  11:07  SCV x2  
  112  11:10  Missile Turret  
  114  11:16  SCV  
  115  11:19  SCV x2  
  115  11:24  Marauder, Marine x4  
  123  11:31  SCV  
  123  11:32  SCV  
  125  11:43  Marine x3  
  125  11:44  Marine  
  125  11:46  Marauder  
  131  11:50  Medivac  
  131  11:51  Barracks  
  131  11:52  Barracks  
  133  11:56  Supply Depot  
  133  11:59  Refinery, Command Center  
  133  12:00  Refinery  
  133  12:13  Command Center  
  133  12:15  Supply Depot  
  133  12:16  Supply Depot x2  
  133  12:17  Medivac, Siege Tank  
  138  12:30  Marauder, Marine  
  138  12:36  Marine x3  
  143  12:47  Marine  
  144  12:51  Marauder  
  144  12:54  Marine x2  
  145  13:03  Marine  
  145  13:05  Marine  
  144  13:11  Orbital Command  
  144  13:12  Marine x2  
  147  13:13  Marauder  
  149  13:22  Barracks Reactor, Factory  
  149  13:23  Barracks Reactor  
  149  13:25  Starport  
  149  13:26  Viking x2  
  149  13:27  Siege Tank  
  156  13:31  Marine x2  
  156  13:32  Marine x2  
  160  13:34  Marauder  
  160  13:37  Orbital Command  
  162  13:54  Starport  
  164  13:56  Marauder  
  130  14:16  Marine x3  
  130  14:17  Marauder, Marine  
  99  14:34  Marine x4  
  99  14:38  Starport Reactor, Marauder, Viking  
  105  14:39  Viking  
  105  14:40  Starport Reactor  
  109  14:45  Marine  
  109  14:46  Marine x3, Supply Depot  
  109  14:51  Terran Infantry Armor Level 3  
  109  14:52  Terran Infantry Weapons Level 3, Marine  
  114  14:56  Terran Ship Weapons Level 1  
  116  15:00  Marauder  
  116  15:02  Supply Depot  
  116  15:05  Marine  
  116  15:06  Marine x6  
  123  15:10  Marine  
  123  15:11  Viking x2  
  128  15:14  Viking x2  
  134  15:21  Marauder  
  134  15:22  Siege Tank  
  134  15:23  Marine x2  
  134  15:24  Marine x5  
  144  15:37  Supply Depot  
  144  15:38  SCV  
  144  15:41  Viking x2  
  151  15:42  Marauder  
  151  15:50  SCV x2  
  151  15:52  SCV  
  151  15:54  Siege Tank  
  151  15:55  Missile Turret  
  157  15:57  Viking  
  157  15:58  Viking  
  157  16:01  Viking x2  
  157  16:02  SCV  
  169  16:04  SCV, Marauder  
  169  16:11  Viking x2  
  171  16:12  Marine x5  
  171  16:13  Marine x3  
  171  16:14  SCV  
  171  16:16  SCV  
  183  16:25  Marine  
  184  16:28  SCV  
  184  16:30  Armory, Marine x4  
  189  16:36  Marine x3  
  189  16:37  Marine  
  193  16:42  Marine  
  194  16:48  Marine x4  
  194  16:52  Medivac, Supply Depot  
  200  17:05  Terran Ship Weapons Level 2  
  155  17:48  Marauder, Marine x4  
  155  17:49  Marine  
  142  18:08  Marine x3  
  142  18:09  Marine x2, Viking  
  142  18:10  Marauder, Viking x3  
  142  18:11  Viking x2  
  142  18:12  Siege Tank  
  160  18:19  Marine x3  
  163  18:25  Refinery  
  163  18:26  Marine x4  
  163  18:27  Refinery, Marine  
  166  18:31  Marauder  
  170  18:36  Marine  
  171  18:43  Viking  
  171  18:44  Viking  
  171  18:45  Viking x4  
  171  18:46  Siege Tank  
  186  18:49  Marine x7  
  186  18:52  Marauder  
  186  18:54  Marine  
  196  18:57  Barracks  
  196  18:58  Barracks  
  196  18:59  Barracks  
  196  19:00  Refinery  
  196  19:02  Refinery  
  196  19:06  Marine  
  196  19:07  Marine x3  
  151  19:58  Marine x3  
Show
View Real Time Build Order
Export as new Build Order

Massa Terran 

Build Orders:  

Get SALT Encoding   

  12  0:00  SCV  
  13  0:12  SCV  
  14  0:22  Supply Depot  
  14  0:24  SCV  
  15  0:30  Refinery  
  15  0:44  SCV  
  15  0:45  Barracks  
  16  0:56  SCV  
  17  1:04  Barracks  
  17  1:08  SCV  
  18  1:20  SCV  
  18  1:23  Supply Depot  
  19  1:32  SCV  
  20  1:33  Reaper  
  21  1:44  SCV  
  22  1:53  Reaper  
  23  1:57  Orbital Command  
  23  2:05  Reaper  
  24  2:23  Command Center  
  24  2:27  SCV, Barracks Tech Lab  
  25  2:39  Factory  
  25  2:43  Marine  
  26  2:45  SCV  
  26  2:50  Supply Depot  
  27  2:57  SCV  
  28  3:09  SCV  
  29  3:21  SCV  
  27  3:28  Factory Tech Lab, Marauder  
  27  3:32  Barracks Tech Lab  
  27  3:33  SCV  
  27  3:34  Refinery  
  30  3:35  Command Center  
  30  3:37  Orbital Command  
  30  3:45  SCV  
  31  3:49  Siege Tank  
  34  3:57  SCV  
  35  4:07  Marine x2  
  35  4:09  SCV  
  38  4:11  SCV  
  39  4:21  Starport  
  39  4:22  SCV, Engineering Bay  
  40  4:25  Widow Mine, Marine x2  
  44  4:36  SCV x2  
  46  4:43  Marauder x2  
  46  4:45  Stimpack  
  50  4:48  SCV x2  
  50  4:49  Widow Mine  
  54  5:05  Orbital Command, Marauder  
  54  5:06  SCV x2  
  58  5:07  Marine  
  59  5:17  Barracks  
  59  5:18  SCV x2  
  59  5:20  Barracks  
  61  5:25  Marine x2  
  61  5:39  Siege Tank  
  64  5:43  Marine, Medivac  
  64  5:44  Marauder  
  64  5:47  Missile Turret  
  69  5:50  Missile Turret  
  69  5:52  Refinery  
  69  5:54  Refinery  
  69  6:10  Combat Shield  
  69  6:16  Supply Depot  
  69  6:17  Supply Depot  
  69  6:18  Supply Depot  
  69  6:22  Supply Depot  
  69  6:38  Widow Mine, Marauder, Marine x2, Medivac  
  69  6:39  SCV x2, Marauder  
  82  6:43  Supply Depot  
  81  6:48  Orbital Command  
  81  6:51  SCV x2  
  83  7:00  Widow Mine, Marine  
  88  7:03  SCV x2  
  88  7:05  Barracks Reactor  
  88  7:06  Command Center  
  88  7:07  Barracks Reactor  
  88  7:08  Concussive Shells  
  88  7:14  SCV  
  88  7:15  SCV x2  
  91  7:26  SCV  
  91  7:27  SCV x2  
  94  7:38  SCV  
  94  7:39  SCV x2  
  95  7:54  Marauder x2, Marine x3  
  95  7:55  Marine  
  95  7:58  Terran Infantry Weapons Level 1  
  103  8:02  Armory  
  103  8:07  SCV x3, Engineering Bay  
  103  8:12  Marine x3  
  107  8:16  Marauder x2  
  107  8:19  SCV x2  
  82  8:28  Siege Tank  
  82  8:31  Refinery  
  82  8:33  Refinery  
  85  8:34  Missile Turret  
  85  8:40  Factory  
  85  8:46  Marauder x2, Marine x3  
  85  8:47  Marine  
  93  8:53  Barracks  
  93  8:57  Barracks  
  93  8:59  Barracks  
  93  9:00  Barracks, Siege Tank  
  96  9:04  Marine x4  
  96  9:06  Barracks  
  96  9:07  Barracks, Marauder x2  
  104  9:13  Starport Reactor  
  104  9:14  Terran Vehicle Weapons Level 1  
  104  9:18  Terran Infantry Armor Level 1  
  104  9:23  SCV  
  104  9:24  SCV x2  
  107  9:28  Marauder  
  107  9:29  Marauder  
  111  9:32  Siege Tank  
  111  9:35  SCV  
  111  9:36  SCV x2  
  116  9:46  Barracks Tech Lab  
  116  9:48  SCV x2  
  116  9:51  Medivac x2  
  122  9:55  Sensor Tower  
  119  10:22  Barracks Reactor, Barracks Tech Lab x2  
  119  10:23  Barracks Reactor  
  118  10:33  SCV x3  
  121  10:45  SCV x3  
  124  11:04  Factory Tech Lab  
  124  11:06  Terran Infantry Weapons Level 2  
  124  11:12  Supply Depot x4  
  124  11:13  Supply Depot x3  
  124  11:14  Supply Depot  
  117  11:24  Sensor Tower  
  112  11:25  Sensor Tower  
  112  11:33  SCV x2, Medivac x2  
  112  11:34  SCV, Siege Tank  
  112  11:38  Command Center, Supply Depot  
  112  11:39  Supply Depot x2  
  120  11:40  Supply Depot  
  120  11:41  Command Center, Supply Depot  
  120  11:42  Siege Tank  
  120  11:45  SCV, Command Center  
  120  11:46  SCV  
  125  11:58  Sensor Tower x2  
  123  12:03  Liberator  
  123  12:04  Liberator  
  123  12:06  Siege Tank  
  132  12:10  Marauder  
  132  12:11  Marauder, Marine  
  132  12:12  Marine x10  
  132  12:14  Siege Tank  
  150  12:21  Missile Turret  
  150  12:23  Missile Turret  
  150  12:29  Marine x3  
  151  12:30  Marine x3  
  156  12:46  Viking x2  
  150  13:09  Siege Tank x2  
  150  13:10  Marauder  
  150  13:11  Marauder x4, Marine x4  
  165  13:32  Marauder x4  
  170  13:41  Siege Tank x2  
  152  14:21  Marauder x4, Marine  
  152  14:22  Marauder, Marine x7  
  138  14:39  Marine  
  138  14:40  Marine x4  
  138  14:42  Marauder  
  138  14:43  Marauder x4  
  148  14:50  SCV  
  148  14:51  SCV x2  
  148  15:02  SCV  
  148  15:03  SCV x2  
  148  15:04  Marauder x3  
  141  15:14  SCV  
  141  15:15  SCV x2  
  144  15:23  Sensor Tower  
  144  15:25  Planetary Fortress  
  144  15:26  SCV  
  144  15:27  SCV  
  146  15:28  Missile Turret  
  146  15:30  SCV, Missile Turret  
  146  15:31  Sensor Tower  
  147  15:39  SCV x2  
  147  15:42  Terran Infantry Armor Level 2, SCV  
  150  15:48  Refinery  
  150  15:51  SCV x2, Missile Turret  
  150  15:52  Refinery  
  150  15:55  SCV, Marine  
  150  15:56  Refinery, Marauder x3  
  160  16:15  SCV  
  160  16:16  SCV x3  
  160  16:17  Planetary Fortress  
  164  16:27  SCV  
  164  16:28  SCV, Missile Turret  
  164  16:30  Liberator x2  
  176  16:32  Marauder  
  176  16:33  Marauder x4, Marine x4  
  176  16:34  Marine x2  
  176  16:35  Marine x2  
  176  16:37  Missile Turret  
  190  16:49  Missile Turret  
  190  16:51  Marine x2  
  196  16:54  Marauder x4  
  200  17:05  Refinery  
  200  17:07  Refinery  
  200  17:12  Sensor Tower  
  162  17:35  Marauder x3, Marine  
  162  17:36  Marauder x2  
  120  17:42  Medivac x2  
  118  17:44  Marine x2  
  118  17:45  Marine x5  
  118  17:46  Siege Tank  
  118  17:47  Siege Tank  
  128  17:53  Marine  
  128  17:56  Marauder  
  128  17:57  Marauder x4  
  128  17:58  Missile Turret  
  136  18:02  Marine x7  
  137  18:11  Marine  
  137  18:12  Medivac x2  
  142  18:18  Marauder x5, Siege Tank  
  142  18:19  Siege Tank  
  156  18:20  Marine x4  
  155  18:27  Marine  
  155  18:28  SCV, Marine x2  
  155  18:29  SCV x3, Marine  
  155  18:32  Planetary Fortress  
  161  18:37  Marine  
  161  18:38  Marine  
  161  18:39  Marauder  
  161  18:40  SCV, Marauder x4  
  171  18:41  SCV x3  
  171  18:42  Medivac  
  176  18:51  Siege Tank x2  
  176  18:53  SCV, Sensor Tower  
  176  18:57  Sensor Tower  
  176  19:00  Marauder, Marine  
  176  19:01  Marauder x3, Marine x4  
  160  19:23  Siege Tank x2  
  164  19:34  Marauder, Marine  
  140  19:48  Marine  
  140  19:49  Marauder x2  
  125  19:53  Marauder x2, Marine x3  
Show
View Real Time Build Order
Export as new Build Order

qqq Protoss 

Build Orders: Carriers 

Get SALT Encoding   

  12  0:00  Probe  
  13  0:12  Probe  
  14  0:19  Pylon  
  14  0:24  Probe  
  15  0:38  Forge  
  15  0:49  Pylon  
  15  1:02  Pylon  
  15  1:08  Pylon  
  15  1:14  Photon Cannon  
  14  1:35  Probe  
  15  1:41  Pylon  
  15  1:47  Probe  
  15  1:54  Gateway  
  16  2:02  Photon Cannon  
  16  2:06  Photon Cannon  
  16  2:26  Photon Cannon  
  16  2:30  Assimilator  
  16  2:32  Photon Cannon  
  16  2:34  Probe  
  17  2:43  Pylon  
  17  2:47  Probe  
  18  3:15  Cybernetics Core  
  17  3:21  Probe (Chrono Boost), Assimilator  
  18  3:30  Probe (Chrono Boost)  
  19  3:35  Probe (Chrono Boost)  
  19  3:45  Photon Cannon  
  19  3:47  Probe (Chrono Boost)  
  20  3:53  Stalker  
  22  3:59  Probe (Chrono Boost)  
  23  4:17  Pylon  
  23  4:28  Nexus  
  23  4:35  Probe  
  24  4:41  Pylon  
  24  4:47  Probe  
  25  4:55  Stargate  
  25  4:59  Probe  
  26  5:01  Shield Battery  
  26  5:04  Stalker  
  26  5:09  Photon Cannon  
  26  5:11  Probe  
  26  5:23  Probe  
  27  5:39  Oracle (Chrono Boost)  
  30  5:58  Nexus  
  30  6:01  Probe  
  31  6:23  Stargate  
  31  6:27  Pylon  
  31  6:31  Pylon  
  31  6:45  Phoenix  
  31  6:46  Probe  
  34  6:58  Probe  
  35  7:08  Photon Cannon  
  35  7:10  Probe, Pylon  
  35  7:15  Probe  
  37  7:22  Probe  
  38  7:25  Phoenix  
  38  7:27  Probe  
  41  7:34  Probe  
  42  7:46  Probe  
  43  8:12  Photon Cannon  
  43  8:13  Phoenix x2, Shield Battery  
  43  8:14  Photon Cannon  
  40  8:20  Nexus  
  40  8:33  Robotics Facility  
  40  8:36  Fleet Beacon  
  40  8:39  Probe (Chrono Boost)  
  42  8:45  Probe (Chrono Boost)  
  43  8:49  Probe (Chrono Boost)  
  43  8:51  Stalker  
  43  8:53  Probe (Chrono Boost)  
  46  8:58  Assimilator  
  46  9:01  Probe (Chrono Boost)  
  46  9:02  Assimilator  
  47  9:08  Probe (Chrono Boost)  
  48  9:13  Probe (Chrono Boost)  
  50  9:17  Probe (Chrono Boost), Phoenix  
  50  9:18  Probe (Chrono Boost)  
  53  9:25  Observer, Robotics Bay  
  54  9:46  Observer  
  55  9:53  Probe x3  
  55  9:57  Assimilator  
  55  9:59  Assimilator  
  64  10:05  Probe x3  
  50  10:31  Stalker (Chrono Boost)  
  50  10:37  Carrier  
  50  10:42  Pylon  
  50  10:52  Stalker (Chrono Boost)  
  51  11:04  Probe  
  51  11:06  Pylon  
  51  11:07  Carrier  
  51  11:09  Pylon  
  51  11:11  Probe  
  51  11:12  Probe  
  51  11:13  Pylon  
  51  11:16  Probe  
  54  11:19  Colossus (Chrono Boost)  
  54  11:24  Probe x2  
  62  11:28  Probe  
  63  11:36  Probe x2  
  65  11:40  Probe  
  66  11:48  Probe x2  
  66  11:50  Photon Cannon  
  66  11:52  Probe  
  69  11:54  Photon Cannon, Assimilator  
  69  12:00  Probe x2  
  71  12:02  Tempest  
  71  12:04  Probe  
  71  12:08  Extended Thermal Lance (Chrono Boost)  
  77  12:12  Probe x2  
  79  12:16  Probe  
  80  12:24  Probe x2  
  80  12:27  Protoss Air Weapons Level 1  
  80  12:29  Probe  
  83  12:36  Probe  
  85  12:41  Probe  
  82  12:48  Probe  
  72  12:53  Probe  
  73  13:01  Probe, Tempest  
  73  13:02  Carrier  
  85  13:14  Pylon  
  85  13:17  Pylon  
  85  13:20  Pylon  
  85  13:22  Pylon  
  85  13:28  Colossus (Chrono Boost)  
  91  13:39  Nexus  
  79  14:11  Carrier  
  79  14:15  Colossus (Chrono Boost)  
  85  14:36  Protoss Air Armor Level 1  
  68  15:03  Carrier  
  74  15:17  Colossus  
  74  15:20  Nexus  
  80  15:23  Pylon  
  80  15:25  Pylon  
  80  15:27  Pylon  
  80  15:45  Nexus  
  80  15:48  Pylon  
  80  15:50  Photon Cannon  
  80  15:52  Photon Cannon  
  80  15:58  Probe x2  
  82  16:10  Probe x2  
  84  16:15  Colossus  
  90  16:22  Probe x2  
  92  16:34  Observer  
  92  16:44  Probe  
  93  16:54  Photon Cannon  
  93  16:56  Probe  
  93  16:57  Pylon  
  93  16:59  Pylon  
  94  17:09  Observer  
  89  17:26  Carrier x2  
  89  17:30  Colossus (Chrono Boost)  
  67  18:15  Colossus (Chrono Boost)  
  62  18:29  Nexus  
  62  18:30  Phoenix x2  
  62  18:32  Observer  
  65  18:55  Phoenix x2  
  68  19:20  Phoenix x2  
  70  19:45  Phoenix x2  
  44  20:05  Photon Cannon  
  44  20:11  Pylon  
Tags
 
Add a new tag
Caveats
  • Supply blocks, unpowered buildings, or Contaminate may cause inaccurate times.
  • Supply counts are checked every 10 seconds.